 Dungeon Crawl Stone Soup version 0.23.2-40-g277498a001 (webtiles) character file.

Game seed: 3675379252991746277

139 Curus the Poker (level 5, -6/41 HPs)
             Began as a Merfolk Abyssal Knight on Oct 20, 2019.
             Was a Believer of Lugonu.
             Killed from afar by an orc wizard (8 damage)
             ... with a puff of flame
             ... on level 3 of the Dungeon.
             The game lasted 00:07:18 (2505 turns).

Curus the Poker (Merfolk Abyssal Knight)            Turns: 2505, Time: 00:07:19

Health: -6/41      AC:  3    Str: 12    XL:     5   Next: 22%
Magic:  8/8        EV: 11    Int: 12    God:    Lugonu [**....]
Gold:   106        SH:  3    Dex: 14    Spells: 4/4 levels left

rFire    . . .     SeeInvis +   a - +2 spear
rCold    . . .     Gourm    .   f - +0 buckler
rNeg     . . .     Faith    .   b - +0 leather armour
rPois    .         Spirit   .   (no helmet)
rElec    .         Reflect  .   (no cloak)
rCorr    .         Harm     .   (no gloves)
MR       .....                  (no boots)
Stlth    +.........             (no amulet)
HPRegen  0.13/turn              d - ring of see invisible
MPRegen  0.11/turn              (no ring)

@: no status effects
A: change form in water, swift swim, stealthy swim
a: Depart the Abyss, Bend Space, Renounce Religion


You were on level 3 of the Dungeon.
You worshipped Lugonu.
Lugonu was pleased with you.
You were not hungry.

You visited 1 branch of the dungeon, and saw 3 of its levels.
You visited the Abyss 1 time.

You collected 106 gold pieces.

Inventory:

Hand Weapons
 a - a +2 spear (weapon)
Armour
 b - a +0 leather armour (worn)
 f - a +0 buckler (worn)
Jewellery
 d - a ring of see invisible (left hand)
Comestibles
 c - 5 rations


   Skills:
 - Level 3.2 Fighting
 + Level 5.7 Polearms
 - Level 0.6 Armour
 - Level 2.6 Dodging
 + Level 4.2 Invocations


You had 4 spell levels left.
You didn't know any spells.
Your spell library was empty.

Dungeon Overview and Level Annotations

Branches:
Dungeon (3/15)

Altars:
Elyvilon
Qazlal
Ru
Sif Muna


Message History

* * * LOW HITPOINT WARNING * * *
You hit the orc wizard.
The orc wizard is severely wounded.
You block the orc wizard's attack.
You hit the orc wizard.
The orc wizard is almost dead.
The orc wizard barely misses you.
You barely miss the orc wizard.
The orc wizard is almost dead.
Your surroundings suddenly seem different.
You start resting.
You feel sick.
Magic restored.
You start resting.
You feel sick.
You are no longer poisoned.
You start resting.
The orc is too close now for your liking.
The orc shouts!
You hear a bark!
You hear a shout!
The orc wizard casts a spell at you. The puff of flame hits you!
You die...

#..#
#...+........'o#
##..# #...
......### +...
.... ....... #...
#..# .......
#...##..##...o...
##............##.
.................
#..# #@.# #..#
#..o. #..##'#
#..# .. #.## ..
#.# . ...


You could see an orc wizard and an orc.

Vanquished Creatures
  An orc wizard (D:3)
  6 adders
  An ooze (D:2)
  A worm (D:2)
  3 leopard geckos
  2 ball pythons
  3 giant cockroaches
  8 goblins
  A hobgoblin (D:2)
  7 jackals
  A quokka (D:3)
  3 bats
  2 frilled lizards (D:2)
  6 kobolds
  3 rats
48 creatures vanquished.

Notes
Turn   | Place    | Note
-------+----------+-------------------------------------------
     0 | Abyss:1  | Curus the Merfolk Abyssal Knight began the quest for the
                  | Orb.
     0 | Abyss:1  | Reached XP level 1. HP: 18/18 MP: 2/2
   112 | Abyss:1  | Noticed a bone dragon
   113 | D:1      | Escaped the Abyss
   251 | D:1      | Reached XP level 2. HP: 23/24 MP: 3/3
   740 | D:2      | Reached skill level 4 in Polearms
   945 | D:2      | Reached XP level 3. HP: 24/29 MP: 5/5
   986 | D:2      | Reached * piety under Lugonu
  1717 | D:2      | Reached XP level 4. HP: 35/35 MP: 6/6
  2118 | D:2      | Reached skill level 5 in Polearms
  2146 | D:2      | Found a deep blue altar of Sif Muna.
  2221 | D:2      | Found a sacrificial altar of Ru.
  2221 | D:2      | Found a white marble altar of Elyvilon.
  2394 | D:2      | Found a stormy altar of Qazlal.
  2482 | D:3      | Reached XP level 5. HP: 28/41 MP: 6/8
  2494 | D:3      | Reached ** piety under Lugonu
  2503 | D:3      | HP: 2/41 [poisoned by an adder]
  2505 | D:3      | Killed from afar by an orc wizard

Skill      XL: |  1  2  3  4 |
---------------+-------------+-----
Polearms       | 4 5 |  5.7
Invocations    | 3 4 |  4.2
Fighting       | |  3.2
Armour         | |  0.6
Dodging        | |  2.6

Action                   |  1- 3 |  4- 6 || total
-------------------------+-------+-------++-------
Melee: Spear             |   148 |    94 ||   242
Invok: Depart the Abyss  |     1 |       ||     1
  Use: Scroll            |     6 |     1 ||     7
       Potion            |     5 |     1 ||     6
 Stab: Sleeping          |       |     1 ||     1
  Eat: Chunk             |     2 |       ||     2
       Ration            |       |     1 ||     1
Armor: Leather armour    |    31 |    17 ||    48
Dodge: Dodged            |    98 |    46 ||   144
Block: Buckler           |       |     7 ||     7
